 Dungeon Crawl Stone Soup version 0.18.1-8-gdd0e5ea (webtiles) character file.

33 mistymad the Ruffian (level 3, -1/31 HPs)
             Began as a Naga Transmuter on May 22, 2016.
             Killed from afar by Sigmund (5 damage)
             ... with a magic dart
             ... on level 2 of the Dungeon.
             The game lasted 00:04:30 (1195 turns).

mistymad the Ruffian (Naga Transmuter)              Turns: 1195, Time: 00:04:31

Health: -1/31      AC:  2    Str: 12    XL:     3   Next: 29%
Magic:  6/6        EV: 10    Int: 14    God:
Gold:   79         SH:  0    Dex: 11    Spells: 1 memorised, 5 levels left

rFire  . . .     SeeInvis +       - Unarmed
rCold  . . .     Gourm    .     b - +0 robe
rNeg   . . .     Faith    .     (no shield)
rPois  +         Spirit   .     (no helmet)
rElec  .         Dismiss  .     (no cloak)
rCorr  .         Reflect  .     (no gloves)
SustAt .         Harm     .     (no barding)
MR     .....                    (no amulet)
Stlth  +.........               (no ring)
                                (no ring)

@: very slow, not resistant to hostile enchantments, very unstealthy
A: see invisible, deformed body, poison resistance, slowness 2, slow metabolism
1, spit poison 2, AC +1
a: Spit Poison


You were on level 2 of the Dungeon.
You were hungry.

You visited 1 branch of the dungeon, and saw 2 of its levels.

You collected 79 gold pieces.

Inventory:

Missiles
 a - 66 arrows
Armour
 b - a +0 robe (worn)
Scrolls
 e - a scroll of magic mapping {unknown}
 h - a scroll of identify {unknown}
 j - a scroll of random uselessness {unknown}
 k - a scroll of noise {unknown}
 m - a scroll of remove curse {unknown}
Potions
 f - a potion of cancellation {unknown}
 g - a potion of agility {unknown}
 i - a potion of mutation {unknown}
Books
 c - a book of Changes

   Spells                             Type                      Level
   a - Beastly Appendage              Transmutation                1
   b - Sticks to Snakes               Transmutation                2
   c - Spider Form                    Transmutation/Poison         3
   d - Ice Form                       Ice/Transmutation            4
   e - Blade Hands                    Transmutation                5
Comestibles
 d - 2 bread rations
 l - a royal jelly


   Skills:
 + Level 1.1 Fighting
 + Level 1.9 Dodging
 + Level 3.7 Unarmed Combat
 + Level 2.1 Spellcasting
 + Level 2.2 Transmutations


You had 5 spell levels left.
You knew the following spells:

 Your Spells              Type           Power        Failure   Level  Hunger
a - Beastly Appendage     Trmt           #.....       12%         1    #......


Dungeon Overview and Level Annotations

Branches:
Dungeon (2/15)

Altars:

Annotations:
D:2 Sigmund


Innate Abilities, Weirdness & Mutations

You cannot wear boots.
Your serpentine skin is tough (AC +1).
You have supernaturally acute eyesight.
Armour fits poorly on your strangely shaped body.
Your system is resistant to poisons.
You cover ground very slowly.
You have a slow metabolism.
You can spit poison.


Message History

Aim: Sigmund, wielding a scythe of slicing and wearing a robe You fail to use your ability.
Okay, then.
Your transformation is almost over.
Sigmund casts a spell at you. The magic dart hits you!
Press: ? - help, Shift-Dir - straight line, f/p - Sigmund
Aim: Sigmund, wielding a scythe of slicing and wearing a robe The splash of poison misses Sigmund.
You feel slightly more hungry.
Sigmund hits you from afar with a scythe of slicing!
* * * LOW HITPOINT WARNING * * *
x2
Found a scroll labeled LOROYD XIMMATH.
You have got your breath back.
Your horns disappear.
Found a sedimented yellow potion.
Sigmund completely misses you.
Sigmund screams, "Die, monster!"
Sigmund gestures at you while chanting. The magic dart hits you!
You die...

## #### ##.# #..
##...## #.# ###.
#.....###.##.....
#....@........?.
####.#.###@##.###
..!.........#
#####.#.#####
#+#.# ..# ....
..... ......
......


You could see Sigmund.

Vanquished Creatures
  An ooze (D:2)
  A dart slug (D:1)
  2 giant cockroaches (D:1)
  5 goblins (D:1)
  3 hobgoblins (D:1)
  3 bats (D:1)
  3 giant newts
  4 kobolds
  6 rats (D:1)
28 creatures vanquished.

Notes
Turn   | Place    | Note
--------------------------------------------------------------
     0 | D:1      | mistymad the Naga Transmuter began the quest for the Orb.
     0 | D:1      | Reached XP level 1. HP: 18/18 MP: 3/3
   429 | D:1      | Reached XP level 2. HP: 25/25 MP: 3/5
   828 | D:1      | Reached XP level 3. HP: 31/31 MP: 6/6
  1180 | D:2      | Noticed Sigmund
  1195 | D:2      | Killed from afar by Sigmund

Action                   || total
-------------------------++-------
Melee: Unarmed           ||    40
       Headbutt          ||     1
       Punch             ||     1
 Cast: Beastly Appendage ||     5
 Abil: Spit Poison       ||    26
  Eat: Chunk             ||     1
Armor: Robe              ||     9
Dodge: Dodged            ||    32
